 Dungeon Crawl Stone Soup version 0.17.1-1-g73c8601 (webtiles) character file.

79 dvd the Poker (level 4, -2/34 HPs)
             Began as a Merfolk Gladiator on Dec 20, 2015.
             Was a Follower of Cheibriados.
             Killed from afar by an orc wizard (8 damage)
             ... with a puff of flame
             ... on level 3 of the Dungeon.
             The game lasted 00:07:20 (1567 turns).

dvd the Poker (Merfolk Gladiator)                   Turns: 1567, Time: 00:07:20

Health: -2/34      AC:  6    Str: 17    XL:     4   Next: 37%
Magic:  4/4        EV: 14    Int:  9    God:    Cheibriados [*.....]
Gold:   108        SH:  0    Dex: 17    Spells: 0 memorised, 3 levels left

rFire  . . .     SeeInvis .     a - +0 trident
rCold  . . .     Clarity  .     r - +0 ring mail
rNeg   . . .     SustAt   .     (no shield)
rPois  .         Gourm    .     c - +0 helmet
rElec  .         Spirit   .     (no cloak)
rCorr  .         Warding  .     (no gloves)
rMut   .         Stasis   .     (no boots)
MR     .....                    (no amulet)
Stlth  +.........               (no ring)
                                (no ring)

@: flying, very slow, not resistant to hostile enchantments, very unstealthy
A: change form in water, swift swim
a: Bend Time, Renounce Religion


You were on level 3 of the Dungeon.
You worshipped Cheibriados.
Cheibriados was aware of your devotion.
You were not hungry.

You visited 1 branch of the dungeon, and saw 3 of its levels.

You collected 108 gold pieces.

Inventory:

Hand Weapons
 a - a +0 trident (weapon)
 n - a +1 dagger of venom
Missiles
 d - 3 throwing nets (quivered)
 h - 6 exploding tomahawks
Armour
 b - a +0 leather armour
 c - a +0 helmet (worn)
 q - a +0 scale mail
 r - a +0 ring mail (worn)
Scrolls
 f - a scroll of random uselessness {unknown}
 i - a scroll of amnesia {unknown}
 j - 2 scrolls of identify {unknown}
 o - 3 scrolls of fear {unknown}
 p - a scroll of teleportation {unknown}
 s - a scroll of remove curse {unknown}
Potions
 k - a potion of curing
 m - a potion of flight
 t - a potion of brilliance {unknown}
 u - a potion of haste {unknown}
Comestibles
 e - 3 bread rations
 l - 2 fruits


   Skills:
 + Level 2.5 Fighting
 + Level 5.7 Polearms
 + Level 2.3 Throwing
 + Level 0.2 Armour
 + Level 4.9 Dodging
 + Level 0.5 Stealth


You had 3 spell levels left.
You didn't know any spells.

Dungeon Overview and Level Annotations

Branches:
Dungeon (3/15)

Altars:
Cheibriados
Gozag

Annotations:
D:3 Grinder


Message History

The magic dart hits you!
* * * LOW HITPOINT WARNING * * *
Grinder gestures at you. Pain shoots through your body!
* * * LOW HITPOINT WARNING * * *
Drink which item? (? for menu, Esc to quit)
It was a potion of curing.
You feel better. Something hits you but does no damage. Grinder misses you.
Drink which item? (? for menu, Esc to quit)
It was a potion of flight.
You feel very buoyant.
You fly up into the air.
Something hits you but does no damage. Grinder hits you.
* * * LOW HITPOINT WARNING * * *
You puncture Grinder!
Grinder is moderately wounded.
You hear some strange, mumbled words.
A puff of flame appears from out of thin air!
The puff of flame hits you!
You die...

##################
#.................
#.################
#.# #.# #.# #5#
#@#
########{#######
#######
........o.......
(......
.(..............
.......
..######+######.
.....#. ....#..
...#.#. ..#.##.
.#.# #.


You could see Grinder and an orc.

Vanquished Creatures
  2 adders (D:3)
  2 worms
  2 giant geckos
  9 bats
  3 giant cockroaches (D:2)
  7 hobgoblins
  2 ball pythons
  5 giant newts
  7 goblins
  5 kobolds
  9 rats
53 creatures vanquished.

Notes
Turn   | Place    | Note
--------------------------------------------------------------
     0 | D:1      | dvd the Merfolk Gladiator began the quest for the Orb.
     0 | D:1      | Reached XP level 1. HP: 16/16 MP: 1/1
   253 | D:1      | Reached XP level 2. HP: 20/22 MP: 2/2
   599 | D:2      | Reached skill level 5 in Polearms
   629 | D:2      | Found a snail-covered altar of Cheibriados.
   634 | D:2      | Reached XP level 3. HP: 28/28 MP: 3/3
   820 | D:2      | Found an opulent altar of Gozag.
   897 | D:2      | Became a worshipper of Cheibriados the Contemplative
  1203 | D:3      | Reached * piety under Cheibriados
  1203 | D:3      | Reached XP level 4. HP: 24/34 MP: 4/4
  1541 | D:3      | Noticed Grinder
  1567 | D:3      | Killed from afar by an orc wizard

Action                   |  1- 3 |  4- 6 || total
-------------------------+-------+-------++-------
Melee: Trident           |   146 |    37 ||   183
  Use: Potion            |       |     2 ||     2
 Stab: Sleeping          |     1 |       ||     1
  Eat: Chunk             |     1 |     1 ||     2
